Avalanche vs Wild

Created - November-16-12 at 17:53

Goals
1 2 3 OT1 SO T
Avalanche 0 0 1 0 0 1
Wild 0 1 0 0 1 2
Shots
1 2 3 OT1 SO T
Avalanche 8 4 5 4 3 21
Wild 8 5 4 1 3 18

1st period

No Goal

Penalties :
Matt Bradley (MIN) for Hooking (Minor) at 0:47, Michal Rozsival (COL) for Roughing (Minor) at 4:45, Justin Abdelkader (COL) for Hooking (Minor) at 7:32, Matt Bradley (MIN) for Slashing (Minor) at 10:39, Michal Rozsival (COL) for High sticking (Minor) at 10:39, Brayden McNabb (COL) for Roughing (Minor) at 15:58

2nd period

1. Wild , Patrik Berglund 7 (Alexei Ponikarovsky, Milan Jurcina) at 4:25

Penalties :
Brayden McNabb (COL) for High sticking (Double Minor) at 10:02, Milan Jurcina (MIN) for Slashing (Minor) at 14:50, John Carlson (COL) for Hooking (Minor) at 18:24

3rd period

2. Avalanche , T.J. Oshie 5 (John Carlson, Kevin Shattenkirk) at 19:03 (PP)

Penalties :
Carl Gunnarsson (MIN) for High sticking (Minor) at 0:52, Derek Stepan (COL) for Interference (Minor) at 0:52, Kevin Shattenkirk (COL) for Slashing (Minor) at 8:34, Matt Bradley (MIN) for Slashing (Minor) at 13:47, Tom Gilbert (MIN) for Tripping (Minor) at 18:31, Matt Bradley (MIN) for Hooking (Minor) at 19:55, T.J. Oshie (COL) for High sticking (Minor) at 19:55

Overtime #1

No Goal

Penalties :
No Penalty

Shootout

Penalty Shot by Teemu Selanne for Avalanche - Stopped by Niklas Backstrom
Penalty Shot by Olli Jokinen for Wild - Stopped by Antti Niemi
Penalty Shot by T.J. Oshie for Avalanche - Stopped by Niklas Backstrom
Penalty Shot by Milan Michalek for Wild - Stopped by Antti Niemi
Penalty Shot by Derek Stepan for Avalanche - Stopped by Niklas Backstrom
Penalty Shot by Bobby Ryan for Wild - Goal!

Penalties :
No Penalty

Goalie Stats

Antti Niemi (COL), 17 saves from 18 shots - (0.944), OTL, 4-7-3, 64:52 minutes
Niklas Backstrom (MIN), 20 saves from 21 shots - (0.952), W, 14-4-1, 65:00 minutes

Players Stats for Avalanche

Player Name              G  A  P  +/- PIM S  H  SB GA TA FO     MP     PP MP  PK MP  
------------------------------------------------------------------------------------
Brayden McNabb           0  0  0   0  6   1  2  0  0  0  0/0    15:21   0:00   1:54 
Brayden Schenn           0  0  0   0  0   2  1  1  0  0  2/3     5:53   0:00   0:56 
Derek Stepan             0  0  0   0  2   2  3  0  0  0  13/22  24:33   2:48   5:46 
Devin Setoguchi          0  0  0   0  0   0  0  0  0  0  2/2    12:29   3:41   0:00 
Jeff Skinner             0  0  0  -1  0   1  0  0  0  0  5/12   15:04   2:48   0:50 
John Carlson             0  1  1  -1  2   1  1  1  0  0  0/0    25:51   3:23   5:45 
Justin Abdelkader        0  0  0   0  2   1  0  0  0  0  3/3     7:37   0:00   0:00 
Kevin Shattenkirk        0  1  1   0  2   1  0  1  0  0  0/0    17:14   3:23   1:26 
Kyle Turris              0  0  0   0  0   3  1  1  0  0  5/11   22:22   3:41   5:31 
Marcus Johansson         0  0  0   0  0   0  0  0  0  0  1/1    12:19   0:00   0:00 
Matt Halischuk           0  0  0   0  0   0  0  0  0  0  1/1     7:38   0:00   0:00 
Michael Del Zotto        0  0  0  -1  0   1  3  1  0  0  0/0    26:06   3:06   6:02 
Michal Rozsival          0  0  0   0  4   0  0  1  0  0  0/0    19:47   0:00   5:39 
Nicklas Lidstrom         0  0  0   0  0   2  1  0  0  0  0/0    25:17   3:06   6:44 
Ryan White               0  0  0   0  0   0  1  0  0  0  1/1     8:45   0:00   1:07 
Steve Downie             0  0  0   0  0   1  2  0  0  0  0/0    10:15   0:00   0:00 
T.J. Oshie               1  0  1  -1  2   1  1  0  0  0  0/0    22:52   3:41   6:58 
Teemu Selanne            0  0  0  -1  0   4  0  0  0  0  10/15  22:32   2:48   6:58 

Players Stats for Wild

Player Name              G  A  P  +/- PIM S  H  SB GA TA FO     MP     PP MP  PK MP  
------------------------------------------------------------------------------------
Alexei Ponikarovsky      0  1  1   1  0   0  3  0  0  0  0/1    20:45   6:19   4:07 
Bobby Ryan               0  0  0   0  0   1  0  1  0  0  2/3    20:54   6:29   0:00 
Brian Gionta             0  0  0   0  0   2  4  1  0  0  1/2    27:32   6:16   1:59 
Brian Rolston            0  0  0   1  0   1  0  0  0  0  0/0    12:27   1:09   0:23 
Carl Gunnarsson          0  0  0   0  2   3  1  1  0  0  0/0    23:14   6:03   2:41 
Clayton Stoner           0  0  0   0  0   0  0  0  0  0  0/0     0:46   0:34   0:00 
Dan Hamhuis              0  0  0   0  0   0  2  4  0  0  0/0    28:42   6:39   3:48 
Fedor Tyutin             0  0  0   0  0   0  0  1  0  0  0/0    26:25   6:39   3:48 
Henrik Tallinder         0  0  0   1  0   1  0  1  0  0  0/0    15:44   1:12   2:41 
Jason Arnott             0  0  0   0  0   0  0  0  0  0  8/19   18:56   6:24   2:02 
Manny Malhotra           0  0  0   0  0   0  0  0  0  0  2/8     5:49   0:34   3:46 
Matt Bradley             0  0  0   0  8   1  2  0  0  0  0/0    12:35   0:35   0:41 
Michael Stone            0  0  0   0  0   0  0  0  0  0  0/0     2:25   0:00   0:00 
Milan Jurcina            0  1  1   1  2   0  0  0  0  0  0/0    10:34   0:00   0:00 
Milan Michalek           0  0  0   0  0   3  3  0  0  0  2/4    20:58   6:50   0:00 
Olli Jokinen             0  0  0   0  0   1  1  0  0  0  9/21   25:33   6:16   0:00 
Patrik Berglund          1  0  1   1  0   3  0  1  0  0  4/13   13:56   0:50   0:00 
Tom Gilbert              0  0  0   0  2   2  1  0  0  0  0/0    22:07   6:41   0:00 

3 Stars

1 - Niklas Backstrom (MIN)
2 - Antti Niemi (COL)
3 - Patrik Berglund (MIN)

Power Play

Avalanche - 1 on 4 Attempt(s) - 25.00%
Wild - 0 on 7 Attempt(s) - 0.00%

Penalty Kill

Avalanche - 7 on 7 Attempt(s) - 100.00% - Score 0 goal in Penalty Kill
Wild - 3 on 4 Attempt(s) - 75.00% - Score 0 goal in Penalty Kill

Official

Referees : Eric Furlatt and Frederick L'Ecuyer
Linesman : Greg Devorski and Mike Cvik

Game Notes

Brayden Schenn is injured at 14:24 of 2nd period (Bruised Right Foot)

Finance

Level 1 -- Attendance: 6500 (100.00%) -- Ticket Income $650,000
Level 2 -- Attendance: 4827 (96.54%) -- Ticket Income $289,620
Level 3 -- Attendance: 3500 (100.00%) -- Ticket Income $122,500
Level 4 -- Attendance: 2064 (100.00%) -- Ticket Income $41,280
Luxury Box -- Attendance: 1000 (100.00%) -- Ticket Income $200,000
Game was played at the Xcel Energy Center
Total Attendance: 17891 (99.04%)
Total Ticket Income: $1,303,400
Other Income: $195,510
Total Income: $1,498,910


% Time on Ice - Avalanche

Lines # - Real PCT - Wanted PCT - Time Play
Normal Forward
1 - 25% - 35% - 8:54
2 - 25% - 30% - 8:48
3 - 29% - 25% - 10:15
4 - 21% - 10% - 7:38
Normal Defense
1 - 35% - 40% - 12:31
2 - 30% - 30% - 10:37
3 - 35% - 20% - 12:27
4 - 0% - 10% - 0:00
PP Forward
1 - 43% - 50% - 2:48
2 - 57% - 50% - 3:41
PP Defense
1 - 48% - 50% - 3:06
2 - 52% - 50% - 3:23
PK Forward
1 - 54% - 50% - 7:34
2 - 46% - 50% - 6:20
PK Defense
1 - 49% - 50% - 6:46
2 - 51% - 50% - 7:08
PK3 Forward
1 - 0% - 51%
2 - 0% - 49%
PK3 Defense
1 - 0% - 50%
2 - 0% - 50%
44 Forward
1 - 52% - 51% - 4:40
2 - 48% - 49% - 4:22
44 Defense
1 - 49% - 50% - 4:27
2 - 51% - 50% - 4:35
Last Minute Offensive  - 0:00
Last Minute Defensive  - 0:00
Total
Forward - 65:00
Defense - 65:00

% Time on Ice - Wild

Lines # - Real PCT - Wanted PCT - Time Play
Normal Forward
1 - 41% - 40% - 14:34
2 - 28% - 30% - 9:54
3 - 27% - 20% - 9:38
4 - 4% - 10% - 1:29
Normal Defense
1 - 32% - 40% - 11:18
2 - 32% - 30% - 11:17
3 - 30% - 20% - 10:35
4 - 7% - 10% - 2:25
PP Forward
1 - 53% - 60% - 7:25
2 - 47% - 40% - 6:29
PP Defense
1 - 52% - 60% - 7:13
2 - 48% - 40% - 6:41
PK Forward
1 - 69% - 60% - 4:30
2 - 31% - 40% - 1:59
PK Defense
1 - 59% - 60% - 3:48
2 - 41% - 40% - 2:41
PK3 Forward
1 - 0% - 60%
2 - 0% - 40%
PK3 Defense
1 - 0% - 60%
2 - 0% - 40%
44 Forward
1 - 66% - 60% - 6:00
2 - 34% - 40% - 3:02
44 Defense
1 - 54% - 60% - 4:52
2 - 46% - 40% - 4:10
Last Minute Offensive  - 0:00
Last Minute Defensive  - 0:00
Total
Forward - 65:00
Defense - 65:00

Play by Play

1st period


0:01 of 1st period - Jeff Skinner wins face-off versus Olli Jokinen in neutral zone.
0:22 of 1st period - Shot by Teemu Selanne.
0:22 of 1st period - Stopped by Niklas Backstrom without a rebound.
0:23 of 1st period - Jason Arnott wins face-off versus Kyle Turris in Wild zone.
0:37 of 1st period - Derek Stepan is hit by Tom Gilbert and loses puck.
0:47 of 1st period - Minor Penalty to Matt Bradley for Hooking.
0:48 of 1st period - Teemu Selanne wins face-off versus Manny Malhotra in Wild zone.
1:27 of 1st period - Shot by Teemu Selanne.
1:27 of 1st period - Stopped by Niklas Backstrom with a rebound.
1:53 of 1st period - Shot by Michael Del Zotto.
1:53 of 1st period - Shot Blocked by Brian Gionta.
1:55 of 1st period - Shot by Nicklas Lidstrom.
1:55 of 1st period - Stopped by Niklas Backstrom without a rebound.
1:56 of 1st period - Manny Malhotra wins face-off versus Kyle Turris in Wild zone.
3:11 of 1st period - Shot by Marcus Johansson.
3:11 of 1st period - Deflect By Brayden Schenn.
3:11 of 1st period - Shot Blocked by Patrik Berglund.
3:13 of 1st period - Shot by Brayden Schenn.
3:13 of 1st period - Stopped by Niklas Backstrom with a rebound.
3:15 of 1st period - Shot by Brayden McNabb.
3:15 of 1st period - Shot Misses the Net.
4:05 of 1st period - Shot by Brian Gionta.
4:05 of 1st period - Deflect By Milan Michalek.
4:05 of 1st period - Stopped by Antti Niemi with a rebound.
4:07 of 1st period - Shot by Carl Gunnarsson.
4:07 of 1st period - Stopped by Antti Niemi without a rebound.
4:08 of 1st period - Olli Jokinen wins face-off versus Jeff Skinner in Avalanche zone.
4:11 of 1st period - Shot by Olli Jokinen.
4:11 of 1st period - Stopped by Antti Niemi without a rebound.
4:12 of 1st period - Jeff Skinner wins face-off versus Olli Jokinen in Avalanche zone.
4:12 of 1st period - Jeff Skinner is hit by Milan Michalek.
4:22 of 1st period - Shot by T.J. Oshie.
4:22 of 1st period - Shot Misses the Net.
4:42 of 1st period - Shot by Milan Michalek.
4:42 of 1st period - Shot Hit the Post.
4:45 of 1st period - Minor Penalty to Michal Rozsival for Roughing.
4:46 of 1st period - Jason Arnott wins face-off versus Derek Stepan in Avalanche zone.
4:55 of 1st period - Shot by Tom Gilbert.
4:55 of 1st period - Stopped by Antti Niemi without a rebound.
4:56 of 1st period - Derek Stepan wins face-off versus Olli Jokinen in Avalanche zone.
4:56 of 1st period - Derek Stepan is hit by Olli Jokinen.
5:10 of 1st period - Shot by Brian Gionta.
5:10 of 1st period - Shot Blocked by John Carlson.
5:12 of 1st period - Shot by Milan Michalek.
5:12 of 1st period - Stopped by Antti Niemi without a rebound.
5:13 of 1st period - Derek Stepan wins face-off versus Jason Arnott in Avalanche zone.
6:22 of 1st period - Shot by Milan Michalek.
6:22 of 1st period - Stopped by Antti Niemi without a rebound.
6:23 of 1st period - Teemu Selanne wins face-off versus Olli Jokinen in Avalanche zone.
6:52 of 1st period - Shot by Steve Downie.
6:52 of 1st period - Deflect By Brayden Schenn.
6:52 of 1st period - Stopped by Niklas Backstrom with a rebound.
6:54 of 1st period - Shot by Brayden McNabb.
6:54 of 1st period - Stopped by Niklas Backstrom without a rebound.
6:55 of 1st period - Justin Abdelkader wins face-off versus Jason Arnott in Wild zone.
7:32 of 1st period - Minor Penalty to Justin Abdelkader for Hooking.
7:33 of 1st period - Brian Gionta wins face-off versus Teemu Selanne in Avalanche zone.
7:53 of 1st period - Shot by Carl Gunnarsson.
7:53 of 1st period - Deflect By Olli Jokinen.
7:53 of 1st period - Shot Misses the Net.
7:55 of 1st period - Shot by Carl Gunnarsson.
7:55 of 1st period - Shot Misses the Net.
7:57 of 1st period - Shot by Milan Michalek.
7:57 of 1st period - Shot Blocked by Kyle Turris.
8:15 of 1st period - Shot by Carl Gunnarsson.
8:15 of 1st period - Stopped by Antti Niemi without a rebound.
8:16 of 1st period - Jason Arnott wins face-off versus Teemu Selanne in Avalanche zone.
8:21 of 1st period - Shot by Alexei Ponikarovsky.
8:21 of 1st period - Shot Misses the Net.
8:48 of 1st period - Icing by Fedor Tyutin.
8:49 of 1st period - Derek Stepan wins face-off versus Jason Arnott in Wild zone.
9:31 of 1st period - Icing by Olli Jokinen.
9:32 of 1st period - Brayden Schenn wins face-off versus Patrik Berglund in Wild zone.
9:41 of 1st period - Shot by Kevin Shattenkirk.
9:41 of 1st period - Stopped by Niklas Backstrom without a rebound.
9:42 of 1st period - Olli Jokinen wins face-off versus Jeff Skinner in Wild zone.
9:51 of 1st period - Shot by Brian Gionta.
9:51 of 1st period - Shot Misses the Net.
10:26 of 1st period - Shot by Teemu Selanne.
10:26 of 1st period - Shot Hit the Post.
10:39 of 1st period - Minor Penalty to Matt Bradley for Slashing.
10:39 of 1st period - Minor Penalty to Michal Rozsival for High sticking.
10:40 of 1st period - Bobby Ryan wins face-off versus Derek Stepan in Avalanche zone.
10:53 of 1st period - Icing by Dan Hamhuis.
10:54 of 1st period - Derek Stepan wins face-off versus Patrik Berglund in Wild zone.
11:59 of 1st period - Icing by Michael Del Zotto.
12:00 of 1st period - Derek Stepan wins face-off versus Brian Gionta in Avalanche zone.
12:00 of 1st period - Derek Stepan is hit by Brian Gionta.
12:06 of 1st period - Tom Gilbert is hit by Derek Stepan.
12:26 of 1st period - Shot by Olli Jokinen.
12:26 of 1st period - Shot Misses the Net.
13:25 of 1st period - Off-side.
13:26 of 1st period - Patrik Berglund wins face-off versus Jeff Skinner in neutral zone.
15:32 of 1st period - Shot by Matt Bradley.
15:32 of 1st period - Stopped by Antti Niemi without a rebound.
15:33 of 1st period - Bobby Ryan wins face-off versus Kyle Turris in Avalanche zone.
15:57 of 1st period - Shot by Manny Malhotra.
15:57 of 1st period - Shot Misses the Net.
15:58 of 1st period - Minor Penalty to Brayden McNabb for Roughing.
15:59 of 1st period - Teemu Selanne wins face-off versus Olli Jokinen in Avalanche zone.
15:59 of 1st period - Teemu Selanne is hit by Brian Gionta.
16:24 of 1st period - Michal Rozsival is hit by Milan Michalek and loses puck.
17:14 of 1st period - Icing by Dan Hamhuis.
17:15 of 1st period - Teemu Selanne wins face-off versus Jason Arnott in Wild zone.
17:45 of 1st period - Icing by Bobby Ryan.
17:46 of 1st period - Derek Stepan wins face-off versus Jason Arnott in Wild zone.
17:47 of 1st period - Shot by Kyle Turris.
17:47 of 1st period - Stopped by Niklas Backstrom without a rebound.
17:48 of 1st period - Derek Stepan wins face-off versus Olli Jokinen in Wild zone.
18:11 of 1st period - Shot by Patrik Berglund.
18:11 of 1st period - Shot Misses the Net.
19:31 of 1st period - Icing by Dan Hamhuis.
19:32 of 1st period - Milan Michalek wins face-off versus Jeff Skinner in Wild zone.

2nd period


0:01 of 2nd period - Olli Jokinen wins face-off versus Kyle Turris in neutral zone.
0:19 of 2nd period - Shot by Devin Setoguchi.
0:19 of 2nd period - Shot Blocked by Dan Hamhuis.
0:21 of 2nd period - Shot by John Carlson.
0:21 of 2nd period - Shot Misses the Net.
0:51 of 2nd period - Icing by Dan Hamhuis.
0:52 of 2nd period - Milan Michalek wins face-off versus Jeff Skinner in Wild zone.
1:16 of 2nd period - Off-side.
1:17 of 2nd period - Brayden Schenn wins face-off versus Patrik Berglund in neutral zone.
1:48 of 2nd period - Shot by Marcus Johansson.
1:48 of 2nd period - Shot Blocked by Henrik Tallinder.
2:18 of 2nd period - Shot by Jeff Skinner.
2:18 of 2nd period - Stopped by Niklas Backstrom without a rebound.
2:19 of 2nd period - Derek Stepan wins face-off versus Olli Jokinen in Wild zone.
2:30 of 2nd period - Shot by Kyle Turris.
2:30 of 2nd period - Deflect By Derek Stepan.
2:30 of 2nd period - Shot Blocked by Dan Hamhuis.
2:40 of 2nd period - Shot by Derek Stepan.
2:40 of 2nd period - Shot Misses the Net.
2:57 of 2nd period - Shot by Brian Gionta.
2:57 of 2nd period - Stopped by Antti Niemi with a rebound.
4:25 of 2nd period - Shot by Patrik Berglund.
4:25 of 2nd period - Goal by Patrik Berglund - Avalanche : 0 - Wild : 1.
4:26 of 2nd period - Patrik Berglund wins face-off versus Brayden Schenn in neutral zone.
4:48 of 2nd period - Kevin Shattenkirk is hit by Alexei Ponikarovsky and loses puck.
5:00 of 2nd period - Shot by Brian Rolston.
5:00 of 2nd period - Stopped by Antti Niemi with a rebound.
5:18 of 2nd period - Milan Michalek is hit by Brayden Schenn and loses puck.
5:24 of 2nd period - Fedor Tyutin is hit by Steve Downie and loses puck.
5:34 of 2nd period - Brian Gionta is hit by Brayden McNabb and loses puck.
5:57 of 2nd period - Shot by Milan Michalek.
5:57 of 2nd period - Shot Misses the Net.
6:16 of 2nd period - Carl Gunnarsson is hit by Michael Del Zotto and loses puck.
7:05 of 2nd period - Shot by Patrik Berglund.
7:05 of 2nd period - Stopped by Antti Niemi without a rebound.
7:06 of 2nd period - Devin Setoguchi wins face-off versus Olli Jokinen in Avalanche zone.
7:14 of 2nd period - Milan Michalek is hit by Nicklas Lidstrom and loses puck.
7:50 of 2nd period - Shot by Derek Stepan.
7:50 of 2nd period - Stopped by Niklas Backstrom without a rebound.
7:51 of 2nd period - Justin Abdelkader wins face-off versus Patrik Berglund in Wild zone.
8:27 of 2nd period - Icing by Carl Gunnarsson.
8:28 of 2nd period - Patrik Berglund wins face-off versus Jeff Skinner in Wild zone.
8:35 of 2nd period - Shot by Patrik Berglund.
8:35 of 2nd period - Shot Misses the Net.
8:45 of 2nd period - Shot by Patrik Berglund.
8:45 of 2nd period - Stopped by Antti Niemi without a rebound.
8:46 of 2nd period - Kyle Turris wins face-off versus Jason Arnott in Avalanche zone.
9:16 of 2nd period - Kevin Shattenkirk is hit by Matt Bradley and loses puck.
9:26 of 2nd period - Bobby Ryan is hit by Brayden McNabb and loses puck.
10:02 of 2nd period - Double Minor Penalty to Brayden McNabb for High sticking.
10:03 of 2nd period - Olli Jokinen wins face-off versus Teemu Selanne in Avalanche zone.
13:52 of 2nd period - Shot by Clayton Stoner.
13:52 of 2nd period - Shot Blocked by Kevin Shattenkirk.
13:54 of 2nd period - Shot by Milan Michalek.
13:54 of 2nd period - Shot Misses the Net.
13:56 of 2nd period - Shot by Milan Michalek.
13:56 of 2nd period - Shot Misses the Net.
14:24 of 2nd period - Shot by Bobby Ryan.
14:24 of 2nd period - Shot Blocked by Brayden Schenn.
14:24 of 2nd period - Brayden Schenn from Avalanche is injured at 14:24 of 2nd period (Bruised Right Foot).
14:25 of 2nd period - Justin Abdelkader wins face-off versus Olli Jokinen in Avalanche zone.
14:25 of 2nd period - Justin Abdelkader is hit by Brian Gionta.
14:43 of 2nd period - Shot by Justin Abdelkader.
14:43 of 2nd period - Stopped by Niklas Backstrom with a rebound.
14:45 of 2nd period - Shot by Ryan White.
14:45 of 2nd period - Shot Misses the Net.
14:47 of 2nd period - Shot by John Carlson.
14:47 of 2nd period - Shot Misses the Net.
14:50 of 2nd period - Minor Penalty to Milan Jurcina for Slashing.
14:51 of 2nd period - Kyle Turris wins face-off versus Manny Malhotra in Wild zone.
15:08 of 2nd period - Shot by John Carlson.
15:08 of 2nd period - Shot Misses the Net.
15:10 of 2nd period - Shot by Kevin Shattenkirk.
15:10 of 2nd period - Shot Misses the Net.
15:12 of 2nd period - Shot by John Carlson.
15:12 of 2nd period - Stopped by Niklas Backstrom with a rebound.
15:37 of 2nd period - Icing by Nicklas Lidstrom.
15:38 of 2nd period - Teemu Selanne wins face-off versus Jason Arnott in Avalanche zone.
16:03 of 2nd period - Shot by Michael Del Zotto.
16:03 of 2nd period - Shot Blocked by Carl Gunnarsson.
17:04 of 2nd period - Nicklas Lidstrom is hit by Milan Michalek and loses puck.
18:14 of 2nd period - Dan Hamhuis is hit by Michael Del Zotto and loses puck.
18:24 of 2nd period - Minor Penalty to John Carlson for Hooking.
18:25 of 2nd period - Teemu Selanne wins face-off versus Bobby Ryan in Avalanche zone.
18:54 of 2nd period - Icing by Dan Hamhuis.
18:55 of 2nd period - Jason Arnott wins face-off versus Derek Stepan in Wild zone.
19:12 of 2nd period - Derek Stepan is hit by Alexei Ponikarovsky and loses puck.

3rd period


0:01 of 3rd period - Derek Stepan wins face-off versus Milan Michalek in neutral zone.
0:52 of 3rd period - Minor Penalty to Carl Gunnarsson for High sticking.
0:52 of 3rd period - Minor Penalty to Derek Stepan for Interference.
0:53 of 3rd period - Teemu Selanne wins face-off versus Olli Jokinen in Wild zone.
1:17 of 3rd period - Off-side.
1:18 of 3rd period - Marcus Johansson wins face-off versus Olli Jokinen in neutral zone.
1:53 of 3rd period - Shot by Marcus Johansson.
1:53 of 3rd period - Shot Misses the Net.
2:23 of 3rd period - Dan Hamhuis is hit by John Carlson and loses puck.
2:42 of 3rd period - Fedor Tyutin is hit by T.J. Oshie and loses puck.
3:12 of 3rd period - Shot by Bobby Ryan.
3:12 of 3rd period - Stopped by Antti Niemi without a rebound.
3:13 of 3rd period - Patrik Berglund wins face-off versus Kyle Turris in Avalanche zone.
5:16 of 3rd period - Tom Gilbert is hit by Ryan White and loses puck.
5:58 of 3rd period - Off-side.
5:59 of 3rd period - Jeff Skinner wins face-off versus Patrik Berglund in neutral zone.
7:43 of 3rd period - Icing by Milan Michalek.
7:44 of 3rd period - Derek Stepan wins face-off versus Milan Michalek in Wild zone.
8:27 of 3rd period - Icing by Dan Hamhuis.
8:28 of 3rd period - Jeff Skinner wins face-off versus Jason Arnott in Wild zone.
8:34 of 3rd period - Minor Penalty to Kevin Shattenkirk for Slashing.
8:35 of 3rd period - Teemu Selanne wins face-off versus Jason Arnott in Avalanche zone.
8:35 of 3rd period - Teemu Selanne is hit by Alexei Ponikarovsky.
8:55 of 3rd period - Icing by Dan Hamhuis.
8:56 of 3rd period - Jason Arnott wins face-off versus Derek Stepan in Wild zone.
9:28 of 3rd period - Icing by Jason Arnott.
9:29 of 3rd period - Jason Arnott wins face-off versus Teemu Selanne in Wild zone.
10:53 of 3rd period - Shot by Steve Downie.
10:53 of 3rd period - Shot Misses the Net.
11:03 of 3rd period - Shot by Steve Downie.
11:03 of 3rd period - Stopped by Niklas Backstrom without a rebound.
11:04 of 3rd period - Ryan White wins face-off versus Patrik Berglund in Wild zone.
11:26 of 3rd period - Off-side.
11:27 of 3rd period - Olli Jokinen wins face-off versus Jeff Skinner in neutral zone.
11:40 of 3rd period - Shot by Brian Gionta.
11:40 of 3rd period - Deflect By Olli Jokinen.
11:40 of 3rd period - Shot Blocked by Michael Del Zotto.
11:42 of 3rd period - Shot by Tom Gilbert.
11:42 of 3rd period - Stopped by Antti Niemi without a rebound.
11:43 of 3rd period - Kyle Turris wins face-off versus Patrik Berglund in Avalanche zone.
12:16 of 3rd period - Shot by Kyle Turris.
12:16 of 3rd period - Shot Misses the Net.
12:27 of 3rd period - Derek Stepan is hit by Dan Hamhuis and loses puck.
13:38 of 3rd period - Shot by Jason Arnott.
13:38 of 3rd period - Shot Misses the Net.
13:47 of 3rd period - Minor Penalty to Matt Bradley for Slashing.
13:48 of 3rd period - Kyle Turris wins face-off versus Manny Malhotra in Wild zone.
13:59 of 3rd period - Shot by T.J. Oshie.
13:59 of 3rd period - Shot Blocked by Dan Hamhuis.
14:16 of 3rd period - Off-side.
14:17 of 3rd period - Manny Malhotra wins face-off versus Derek Stepan in neutral zone.
14:17 of 3rd period - Manny Malhotra is hit by Derek Stepan.
14:31 of 3rd period - Shot by John Carlson.
14:31 of 3rd period - Shot Misses the Net.
14:33 of 3rd period - Shot by Teemu Selanne.
14:33 of 3rd period - Shot Hit the Post.
15:09 of 3rd period - Shot by Kyle Turris.
15:09 of 3rd period - Stopped by Niklas Backstrom without a rebound.
15:10 of 3rd period - Jason Arnott wins face-off versus Kyle Turris in Wild zone.
15:30 of 3rd period - Shot by Nicklas Lidstrom.
15:30 of 3rd period - Stopped by Niklas Backstrom without a rebound.
15:31 of 3rd period - Jason Arnott wins face-off versus Derek Stepan in Wild zone.
15:37 of 3rd period - Icing by John Carlson.
15:38 of 3rd period - Derek Stepan wins face-off versus Manny Malhotra in Avalanche zone.
15:49 of 3rd period - Shot by Jeff Skinner.
15:49 of 3rd period - Shot Misses the Net.
16:07 of 3rd period - Shot by Brian Gionta.
16:07 of 3rd period - Stopped by Antti Niemi without a rebound.
16:08 of 3rd period - Matt Halischuk wins face-off versus Jason Arnott in Avalanche zone.
16:08 of 3rd period - Matt Halischuk is hit by Matt Bradley.
16:34 of 3rd period - Shot by Matt Halischuk.
16:34 of 3rd period - Shot Misses the Net.
17:27 of 3rd period - Off-side.
17:28 of 3rd period - Jeff Skinner wins face-off versus Patrik Berglund in neutral zone.
17:57 of 3rd period - Shot by Henrik Tallinder.
17:57 of 3rd period - Stopped by Antti Niemi without a rebound.
17:58 of 3rd period - Olli Jokinen wins face-off versus Derek Stepan in Avalanche zone.
17:58 of 3rd period - Tom Gilbert is hit by Michael Del Zotto.
18:21 of 3rd period - Marcus Johansson is hit by Carl Gunnarsson and loses puck.
18:31 of 3rd period - Minor Penalty to Tom Gilbert for Tripping.
18:32 of 3rd period - Devin Setoguchi wins face-off versus Manny Malhotra in Wild zone.
18:37 of 3rd period - Shot by Michael Del Zotto.
18:37 of 3rd period - Shot Blocked by Fedor Tyutin.
18:39 of 3rd period - Shot by Michael Del Zotto.
18:39 of 3rd period - Stopped by Niklas Backstrom without a rebound.
18:40 of 3rd period - Kyle Turris wins face-off versus Manny Malhotra in Wild zone.
18:55 of 3rd period - Avalanche, Antti Niemi is pulled from the net.
19:01 of 3rd period - Shot by Kevin Shattenkirk.
19:01 of 3rd period - Shot Blocked by Dan Hamhuis.
19:03 of 3rd period - Shot by John Carlson.
19:03 of 3rd period - Deflect By T.J. Oshie.
19:03 of 3rd period - Goal by T.J. Oshie - Avalanche : 1 - Wild : 1.
19:03 of 3rd period - Antti Niemi from Avalanche was sent back in the game.
19:04 of 3rd period - Derek Stepan wins face-off versus Jason Arnott in neutral zone.
19:11 of 3rd period - Carl Gunnarsson is hit by Steve Downie and loses puck.
19:28 of 3rd period - Shot by Nicklas Lidstrom.
19:28 of 3rd period - Shot Blocked by Bobby Ryan.
19:46 of 3rd period - Shot by Marcus Johansson.
19:46 of 3rd period - Shot Misses the Net.
19:55 of 3rd period - Minor Penalty to Matt Bradley for Hooking.
19:55 of 3rd period - Minor Penalty to T.J. Oshie for High sticking.
19:56 of 3rd period - Olli Jokinen wins face-off versus Teemu Selanne in neutral zone.

Overtime #1


0:01 of 1st overtime period - Teemu Selanne wins face-off versus Olli Jokinen in neutral zone.
0:15 of 1st overtime period - Shot by Fedor Tyutin.
0:15 of 1st overtime period - Shot Misses the Net.
0:27 of 1st overtime period - Shot by Teemu Selanne.
0:27 of 1st overtime period - Stopped by Niklas Backstrom without a rebound.
0:28 of 1st overtime period - Olli Jokinen wins face-off versus Derek Stepan in Wild zone.
0:35 of 1st overtime period - Michael Del Zotto is hit by Brian Gionta and loses puck.
0:42 of 1st overtime period - Shot by Olli Jokinen.
0:42 of 1st overtime period - Shot Misses the Net.
0:44 of 1st overtime period - Shot by Carl Gunnarsson.
0:44 of 1st overtime period - Stopped by Antti Niemi with a rebound.
1:04 of 1st overtime period - Carl Gunnarsson is hit by Derek Stepan and loses puck.
1:37 of 1st overtime period - Shot by Patrik Berglund.
1:37 of 1st overtime period - Shot Blocked by Michal Rozsival.
1:41 of 1st overtime period - Shot by Patrik Berglund.
1:41 of 1st overtime period - Deflect By Bobby Ryan.
1:41 of 1st overtime period - Shot Misses the Net.
2:00 of 1st overtime period - Teemu Selanne is hit by Dan Hamhuis and loses puck.
3:17 of 1st overtime period - Shot by Kyle Turris.
3:17 of 1st overtime period - Stopped by Niklas Backstrom without a rebound.
3:18 of 1st overtime period - Teemu Selanne wins face-off versus Alexei Ponikarovsky in Wild zone.
3:27 of 1st overtime period - Shot by Teemu Selanne.
3:27 of 1st overtime period - Shot Misses the Net.
4:46 of 1st overtime period - Shot by Teemu Selanne.
4:46 of 1st overtime period - Stopped by Niklas Backstrom without a rebound.
4:47 of 1st overtime period - Derek Stepan wins face-off versus Patrik Berglund in Wild zone.
4:54 of 1st overtime period - Shot by Derek Stepan.
4:54 of 1st overtime period - Stopped by Niklas Backstrom without a rebound.
4:55 of 1st overtime period - Olli Jokinen wins face-off versus Derek Stepan in Wild zone.
4:55 of 1st overtime period - Olli Jokinen is hit by Kyle Turris.

ShootOut


5:00 of 1st overtime period - Penalty Shot by Teemu Selanne for Avalanche.
5:00 of 1st overtime period - Stopped by Niklas Backstrom.
5:00 of 1st overtime period - Penalty Shot by Olli Jokinen for Wild.
5:00 of 1st overtime period - Stopped by Antti Niemi.
5:00 of 1st overtime period - Penalty Shot by T.J. Oshie for Avalanche.
5:00 of 1st overtime period - Stopped by Niklas Backstrom.
5:00 of 1st overtime period - Penalty Shot by Milan Michalek for Wild.
5:00 of 1st overtime period - Stopped by Antti Niemi.
5:00 of 1st overtime period - Penalty Shot by Derek Stepan for Avalanche.
5:00 of 1st overtime period - Stopped by Niklas Backstrom.
5:00 of 1st overtime period - Penalty Shot by Bobby Ryan for Wild.
5:00 of 1st overtime period - Goal by Bobby Ryan.


Output by the SimonT Hockey Simulator (STHS) for Stephane Roy -- Original Page W3C XHTML 1.0 Valid
Hockey Simulator - Hockey Simulation - Hockey Manager